 Dungeon Crawl Stone Soup version 0.29.1-12-g30fa7ad0bf (webtiles) character file.

Game seed: 15158805174741272103

112 MCPLASSAF the Shooter (level 5, -5/38 HPs)
             Began as a Human Hunter on Dec 30, 2022.
             Was an Initiate of the Shining One.
             Slain by Edmund
             ... wielding a +1 flail of protection
              (7 damage)
             ... on level 4 of the Dungeon.
             The game lasted 00:07:33 (1635 turns).

MCPLASSAF the Shooter (Human Hunter)                Turns: 1635, Time: 00:07:34

Health: -5/38      AC:  3    Str: 11    XL:     5   Next: 16%
Magic:  5/5        EV: 12    Int: 12    God:    the Shining One [......]
Gold:   130        SH:  0    Dex: 16    Spells: 3/5 levels left

rFire   . . .      SeeInvis .   f - +1 dagger (venom)
rCold   . . .      Faith    .   (no shield)
rNeg    . . .      Spirit   .   c - +0 leather armour
rPois   .          Reflect  .   (no helmet)
rElec   .          Harm     .   (no cloak)
rCorr   .          Rampage  .   (no gloves)
Will    .....                   (no boots)
Stlth   +.........              (no amulet)
HPRegen 0.12/turn               (no ring)
MPRegen 0.09/turn               (no ring)

@: glowing
A: no striking features
a: Renounce Religion


You were on level 4 of the Dungeon.
You worshipped the Shining One.
The Shining One was noncommittal.
You visited 1 branch of the dungeon, and saw 4 of its levels.

You collected 130 gold pieces.

Inventory:

Hand Weapons
 a - a +0 shortbow
 f - a +1 dagger of venom (weapon)
Armour
 c - a +0 leather armour (worn)
Scrolls
 b - a scroll of immolation
 d - a scroll of identify
 g - a scroll of magic mapping


   Skills:
 * Level 2.2 Fighting
 * Level 0.8 Short Blades
 * Level 5.0 Ranged Weapons
 * Level 1.2 Armour
 * Level 2.3 Dodging
 * Level 1.5 Stealth
 * Level 0.5 Spellcasting
 * Level 0.5 Transmutations
 * Level 0.6 Invocations


You had 3 spell levels left.
You knew the following spells:

 Your Spells              Type           Power      Damage    Failure   Level
a - Wereblood             Tmut           1%         N/A       45%         2

Your spell library contained the following spells:

 Spells                   Type           Power      Damage    Failure   Level
 Sublimation of Blood     Necr           0%         N/A       54%         2
 Summon Hydra             Summ           0%         N/A       100%        7


Dungeon Overview and Level Annotations

Branches:
Dungeon (4/15)
 Temple: D:4-7

Altars:
The Shining One

Annotations:
D:4 Edmund


Message History

You hit the black bear.
The black bear looks even sicker.
The black bear is lightly wounded.
The necrophage closely misses you.
The black bear bites you but does no damage.
The black bear claws you. The black bear barely misses you.
You hit the black bear.
The black bear is moderately wounded.
The black bear closely misses you. The black bear claws you. x2
The necrophage completely misses you.
The black bear attacks as you move away!
The black bear bites you but does no damage.
The black bear claws you but does no damage.
The black bear claws you.
You feel better.
The necrophage hits you but does no damage.
Edmund barely misses you.
The necrophage attacks as you move away!
The necrophage hits you but does no damage.
Edmund attacks as you move away! Edmund closely misses you.
The necrophage attacks as you move away!
The necrophage closely misses you. Edmund attacks as you move away!
Edmund hits you with a +1 flail of protection!
You aren't carrying any items that you can evoke.
Unknown command.
Edmund attacks as you move away! Edmund barely misses you.
The necrophage attacks as you move away!
The necrophage closely misses you. Edmund attacks as you move away!
Edmund closely misses you. Edmund attacks as you move away!
Edmund closely misses you.
The necrophage attacks as you move away!
The necrophage misses you.
The black bear goes berserk!
Edmund attacks as you move away!
Edmund hits you with a +1 flail of protection!
* * * LOW HITPOINT WARNING * * *
The black bear rages.
Edmund attacks as you move away!
Edmund hits you with a +1 flail of protection!
You die...

........#####...#......#
........#.......#......#
........#.......#......#####
........#.......###+####...#
........##########.....#...#
####'##..........#.....)...#
......+..........#'#####...#
......#......h.@.......#...#
..#####........n@......#...#
..#....##########......#...#
..#....# #......#...#
..#....# #......'...#
###....# #......##### ######
########


You could see Edmund, a black bear (berserk, poisoned) and a necrophage.

Vanquished Creatures
  A hound (D:4)
  3 adders
  2 gnolls (D:3)
  An ufetubus (D:4)
  A worm (D:2)
  A dart slug (D:4)
  An endoplasm (D:4)
  3 giant cockroaches (D:3)
  2 goblins
  3 hobgoblins
  3 kobolds
  2 quokkas
  A ball python (D:1)
  2 bats (D:1)
  3 frilled lizards
  2 rats (D:3)
31 creatures vanquished.

Notes
Turn   | Place    | Note
-------+----------+-------------------------------------------
     0 | D:1      | MCPLASSAF the Human Hunter began the quest for the Orb.
     0 | D:1      | Reached XP level 1. HP: 16/16 MP: 1/1
   191 | D:1      | Reached XP level 2. HP: 22/22 MP: 2/2
   307 | D:2      | Found a glowing golden altar of the Shining One.
   319 | D:2      | Became a worshipper of the Shining One
   634 | D:2      | Reached XP level 3. HP: 18/27 MP: 3/3
   637 | D:2      | Learned a level 2 spell: Wereblood
  1049 | D:3      | Reached XP level 4. HP: 33/33 MP: 4/4
  1233 | D:4      | Reached skill level 1 in Armour
  1593 | D:4      | Noticed a black bear
  1597 | D:4      | Noticed a necrophage
  1597 | D:4      | Noticed Edmund
  1610 | D:4      | Reached skill level 5 in Ranged Weapons
  1610 | D:4      | Reached XP level 5. HP: 22/38 MP: 5/5
  1635 | D:4      | Slain by Edmund

Illustrated notes

Levels and vault maps discovered:
D:1:      beargit_arrival_diablo_church, layout_basic, feat_on_display
D:2:      layout_loops_corners, ebering_ecumenical_altar_box, basic_altar
D:3:      layout_rooms, st_stairs_6, uniq_robin
D:4:      layout_gridville, kennysheep_generic_room_2, uniq_edmund

Skill      XL: |  1  2  3  4 |
---------------+-------------+-----
Armour         | 1 |  1.2
Ranged Weapons | 5 |  5.0
Fighting       | |  2.2
Short Blades   | |  0.8
Dodging        | |  2.3
Stealth        | |  1.5
Spellcasting   | |  0.5
Transmutations | |  0.5
Invocations    | |  0.6

Action                   |  1- 3 |  4- 6 || total
-------------------------+-------+-------++-------
Melee: Dagger            |     5 |    16 ||    21
 Fire: Shortbow          |    51 |     8 ||    59
  Use: Scroll            |     2 |     2 ||     4
       Potion            |     1 |     1 ||     2
Armor: Leather armour    |     8 |    11 ||    19
Dodge: Dodged            |    23 |    30 ||    53
